Map: Rhoskallian EE

Players

Jackson - Winner!

  • Race: Protoss Protoss
  • League: Diamond
  • Spawn Location: 12:00

CREMASTERION - Winner!

  • Race: Protoss Protoss
  • Spawn Location: 11:00

TATORREA

  • Race: Protoss Protoss
  • League: Gold
  • Spawn Location: 5:00

MrFercho

  • Race: Zerg Zerg
  • League: Gold
  • Spawn Location: 6:00

VOD

Have the link to the VOD?

Description

Time

  • Played on: July 30, 2020, 7:16 p.m.
  • Length: 13:38
Show
View Real Time Build Order
Export as new Build Order

Jackson Protoss - Winner!

Build Orders:  

Get SALT Encoding   

  12  0:00  Probe  
  13  0:12  Probe  
  14  0:24  Pylon  
  14  0:27  Probe  
  15  0:42  Probe  
  16  0:47  Forge  
  16  0:52  Gateway  
  16  1:06  Pylon  
  16  1:11  Probe  
  17  1:29  Photon Cannon  
  17  1:32  Photon Cannon  
  17  1:43  Pylon  
  17  1:48  Probe  
  17  1:52  Pylon  
  18  2:00  Probe  
  19  2:03  Cybernetics Core  
  19  2:07  Pylon  
  19  2:26  Pylon  
  19  2:28  Pylon  
  18  2:39  Assimilator  
  18  2:40  Zealot  
  18  2:43  Assimilator  
  20  2:45  Probe  
  21  2:57  Nexus  
  21  3:09  Shield Battery  
  21  3:13  Probe  
  22  3:20  Pylon  
  22  3:25  Probe  
  23  3:31  Warp Gate  
  23  3:36  Adept (Chrono Boost)  
  23  3:38  Probe  
  26  3:49  Twilight Council  
  26  3:59  Photon Cannon  
  26  4:03  Adept  
  26  4:08  Probe  
  29  4:19  Robotics Facility  
  29  4:20  Probe x2  
  31  4:32  Probe  
  31  4:33  Probe  
  31  4:34  Pylon  
  33  4:44  Probe  
  34  4:52  Dark Shrine  
  34  4:53  Assimilator  
  34  4:55  Probe  
  34  4:56  Probe  
  34  4:57  Assimilator  
  36  5:07  Probe  
  36  5:11  Gateway  
  37  5:35  Warp Prism (Chrono Boost)  
  33  5:39  Gateway  
  33  5:41  Probe  
  33  5:42  Probe  
  37  5:46  Pylon  
  37  5:50  Sentry  
  37  5:53  Probe  
  37  5:54  Probe  
  41  6:02  Pylon  
  41  6:06  Probe x2  
  41  6:07  Immortal (Chrono Boost)  
  47  6:16  Sentry x2  
  47  6:18  Probe x2  
  53  6:25  Gateway  
  53  6:30  Probe  
  54  6:39  Dark Templar x2  
  58  6:58  Probe x2  
  60  7:07  Sentry  
  62  7:10  Probe x2  
  62  7:14  Photon Cannon  
  64  7:20  Pylon  
  64  7:23  Sentry  
  64  7:24  Sentry  
  68  7:50  Probe x2  
  70  7:52  Immortal  
  70  7:56  Pylon  
  74  7:59  Pylon  
  74  8:02  Sentry  
  74  8:03  Sentry  
  76  8:21  Probe x2  
  76  8:24  Pylon  
  76  8:33  Probe  
  77  8:35  Probe  
  78  9:02  Immortal  
  82  9:06  Protoss Ground Weapons Level 1 (Chrono Boost)  
  82  9:09  Charge  
  82  9:11  Probe x2  
  82  9:16  Gateway  
  84  9:18  Gateway  
  84  9:21  Gateway  
  84  9:23  Gateway, Probe x2  
  84  9:26  Gateway  
  84  9:29  Zealot  
  86  9:39  Dark Templar x2  
  86  9:44  Zealot  
  92  9:54  Warp Prism (Chrono Boost)  
  88  10:11  Probe x2  
  90  10:16  Photon Cannon  
  90  10:28  Zealot x4  
  90  10:29  Zealot x2  
  90  10:35  Pylon  
  102  10:36  Pylon  
  102  10:54  Zealot x5  
  102  10:55  Zealot x3  
  109  11:07  Probe x2  
  101  11:19  Probe x2  
  101  11:22  Nexus  
  101  11:23  Pylon  
  103  11:26  Pylon  
  103  11:31  Probe x2  
  105  11:41  Immortal  
  105  11:43  Probe x2  
  111  11:49  Templar Archives  
  111  11:54  Dark Templar  
  111  11:55  Dark Templar, Probe  
  116  12:11  Zealot  
  116  12:12  Zealot x6  
  124  13:02  Zealot x3  
  124  13:03  Zealot x5  
  134  13:15  Assimilator  
  134  13:17  Assimilator  
Show
View Real Time Build Order
Export as new Build Order

CREMASTERION Protoss - Winner!

Build Orders: Double Forge 

Get SALT Encoding   

  12  0:01  Probe  
  13  0:13  Probe (Chrono Boost)  
  14  0:23  Pylon  
  14  0:24  Probe (Chrono Boost)  
  15  0:41  Probe  
  16  0:46  Gateway  
  16  0:53  Probe  
  16  0:55  Assimilator  
  17  1:06  Probe  
  18  1:18  Probe  
  19  1:30  Probe  
  20  1:35  Cybernetics Core  
  20  1:43  Forge  
  20  1:56  Nexus  
  20  2:02  Probe  
  21  2:08  Assimilator  
  21  2:14  Probe  
  22  2:23  Warp Gate, Pylon  
  22  2:26  Probe  
  23  2:47  Gateway  
  23  2:55  Forge  
  23  3:25  Probe x2  
  25  3:30  Photon Cannon  
  25  3:37  Probe x2  
  25  3:38  Photon Cannon  
  27  3:49  Probe x2  
  27  3:50  Shield Battery  
  29  3:56  Twilight Council  
  29  4:01  Probe x2  
  31  4:13  Probe x2  
  33  4:23  Pylon  
  33  4:25  Probe x2  
  33  4:26  Assimilator  
  35  4:32  Assimilator  
  35  4:37  Probe  
  35  4:38  Probe  
  37  4:45  Gateway  
  37  4:47  Gateway  
  37  4:48  Charge  
  37  4:49  Probe  
  37  4:50  Probe  
  37  4:51  Stalker  
  41  4:54  Stalker  
  43  5:01  Probe  
  43  5:02  Probe  
  45  5:08  Pylon  
  45  5:09  Pylon  
  45  5:14  Probe  
  46  5:28  Probe  
  47  5:31  Stalker  
  47  5:32  Stalker  
  51  5:40  Probe  
  51  5:41  Protoss Ground Weapons Level 1 (Chrono Boost)  
  52  5:43  Stalker  
  54  5:52  Probe  
  54  5:55  Dark Shrine  
  54  5:56  Gateway  
  55  6:00  Robotics Facility  
  55  6:02  Robotics Facility  
  55  6:11  Stalker  
  55  6:12  Stalker x3  
  63  6:18  Blink  
  63  6:46  Immortal, Warp Prism  
  69  7:03  Pylon  
  69  7:08  Pylon  
  69  7:14  Immortal  
  69  7:18  Immortal  
  73  7:27  Dark Templar x2  
  73  7:28  Dark Templar x2  
  85  7:38  Gateway  
  85  7:42  Protoss Ground Armor Level 1  
  85  7:43  Gateway  
  85  7:46  Pylon  
  85  7:50  Pylon  
  85  7:53  Observer  
  85  7:55  Photon Cannon  
  85  7:56  Shield Battery  
  86  8:04  Observer  
  87  8:14  Immortal  
  91  8:21  Probe  
  92  8:29  Dark Templar x4  
  92  8:30  Dark Templar  
  102  8:36  Gateway  
  102  9:15  Pylon  
  102  9:25  Pylon  
  102  9:32  Gateway  
  102  9:36  Gateway  
  102  9:44  Gateway  
  102  10:20  Pylon  
  102  10:25  Pylon  
  102  10:33  Pylon  
  102  10:42  Pylon  
  90  11:23  Nexus  
  90  11:29  Assimilator  
  90  11:33  Assimilator  
  90  11:36  Pylon  
  90  11:38  Probe x2  
  92  11:40  Pylon  
  92  11:43  Dark Templar x3  
  92  11:44  Pylon, Dark Templar x4  
  92  11:46  Stalker  
  92  11:47  Stalker x3, Pylon  
  110  11:49  Immortal  
  110  11:50  Immortal, Probe  
  110  11:51  Probe  
  124  12:03  Probe x2  
  124  12:07  Photon Cannon  
  126  12:12  Photon Cannon  
  126  12:15  Photon Cannon, Probe  
  127  12:28  Immortal  
  127  12:29  Immortal  
  133  13:07  Stalker  
  133  13:08  Stalker x3  
  133  13:09  Stalker x3  
  133  13:10  Stalker  
Show
View Real Time Build Order
Export as new Build Order

TATORREA Protoss 

Build Orders:  

Get SALT Encoding   

  12  0:03  Probe  
  13  0:19  Probe  
  14  0:27  Pylon  
  14  0:31  Probe  
  15  0:45  Probe  
  16  0:53  Gateway  
  16  0:57  Probe  
  17  1:09  Probe  
  18  1:28  Probe  
  19  1:51  Probe (Chrono Boost)  
  20  1:58  Zealot (Chrono Boost)  
  23  2:01  Probe (Chrono Boost)  
  23  2:34  Assimilator  
  23  2:35  Assimilator, Pylon  
  23  2:53  Probe, Zealot  
  26  3:05  Probe  
  27  3:17  Probe  
  28  3:27  Gateway  
  28  3:30  Gateway  
  28  3:42  Nexus  
  28  3:44  Zealot  
  28  3:45  Pylon  
  28  3:47  Pylon  
  30  3:52  Cybernetics Core  
  30  3:53  Probe  
  31  4:05  Probe  
  32  4:15  Pylon  
  32  4:17  Probe (Chrono Boost)  
  32  4:19  Pylon, Zealot  
  35  4:26  Probe (Chrono Boost)  
  35  4:29  Stalker  
  35  4:30  Stalker  
  40  4:31  Probe (Chrono Boost)  
  40  4:32  Warp Gate  
  41  4:43  Probe  
  42  4:55  Twilight Council, Probe  
  42  4:57  Robotics Facility  
  43  5:16  Probe  
  43  5:17  Probe  
  45  5:24  Stalker x2  
  49  5:28  Probe  
  49  5:29  Probe  
  51  5:46  Charge  
  51  5:51  Gateway, Immortal  
  51  5:54  Gateway  
  55  6:32  Probe  
  56  6:33  Probe  
  56  6:37  Assimilator  
  57  6:41  Assimilator  
  57  6:44  Probe  
  57  6:45  Pylon, Probe  
  59  6:57  Probe  
  60  7:03  Pylon, Probe  
  60  7:06  Pylon  
  61  7:09  Probe  
  61  7:10  Stargate  
  61  7:12  Stargate  
  62  7:15  Stalker  
  62  7:16  Stalker x2, Probe  
  69  7:30  Nexus  
  69  7:31  Pylon  
  69  7:32  Stalker x2  
  69  7:34  Pylon, Probe x2  
  66  7:46  Probe x2  
  66  7:47  Observer (Chrono Boost)  
  51  8:07  Probe x2  
  51  8:11  Blink (Chrono Boost)  
  49  8:19  Probe x2  
  51  8:20  Void Ray  
  54  8:31  Probe  
  55  8:37  Probe  
  56  8:43  Probe  
  57  8:53  Probe  
  57  8:55  Probe  
  59  9:05  Probe  
  59  9:07  Probe  
  61  9:17  Probe  
  61  9:19  Probe  
  63  9:50  Stalker x2  
  63  9:51  Stalker x3  
  73  10:07  Probe x2  
  75  10:18  Probe  
  75  10:19  Probe x2  
  78  10:29  Fleet Beacon  
  78  10:30  Probe  
  78  10:31  Probe x2  
  81  10:42  Probe  
  45  11:05  Observer  
  45  11:08  Zealot x2  
  45  11:09  Zealot x3  
  48  11:12  Probe x3  
  51  11:22  Gateway  
  51  11:24  Probe x3  
  54  11:26  Gateway  
  54  11:36  Probe x3  
  57  11:48  Probe x2  
  57  11:49  Probe  
  60  11:56  Forge  
  60  11:58  Forge  
  60  12:00  Forge, Probe  
  60  12:01  Probe  
  62  12:03  Probe  
  62  12:06  Stalker  
  65  12:09  Stalker  
  67  12:18  Void Ray  
  67  12:19  Probe  
  67  12:20  Probe  
  67  12:22  Probe  
  74  12:28  Zealot  
  74  12:29  Zealot  
  78  12:32  Probe  
  79  12:37  Stalker  
  79  12:39  Stalker  
  79  12:40  Stalker  
  79  12:42  Stalker  
  79  12:46  Stalker  
Show
View Real Time Build Order
Export as new Build Order

MrFercho Zerg 

Build Orders: Hatch First 

Get SALT Encoding   

  12  0:02  Drone  
  13  0:13  Overlord  
  13  0:27  Drone  
  14  0:32  Drone x2  
  16  0:53  Hatchery  
  15  0:57  Drone x2  
  17  1:05  Drone  
  18  1:12  Extractor  
  17  1:19  Spawning Pool  
  16  1:35  Drone  
  16  1:37  Drone x2  
  19  1:47  Drone  
  20  2:17  Drone x2  
  20  2:18  Drone x2  
  24  2:32  Zergling x4  
  24  2:33  Zergling x2  
  27  3:04  Drone  
  28  3:06  Overlord x3  
  28  3:23  Queen x2  
  31  3:55  Drone x4  
  34  3:56  Drone x2  
  37  4:05  Metabolic Boost  
  37  4:08  Lair  
  37  4:22  Drone x4  
  41  4:34  Evolution Chamber  
  40  4:39  Baneling Nest  
  40  4:41  Drone x2  
  40  4:44  Zergling x8  
  45  4:46  Queen  
  47  4:58  Zergling x4  
  49  5:13  Spine Crawler  
  48  5:16  Zerg Ground Armor Level 1  
  48  5:19  Drone x3  
  50  5:46  Zergling x2  
  50  5:47  Hatchery, Overlord x3, Evolution Chamber  
  50  5:48  Overlord  
  49  5:50  Centrifical Hooks  
  49  6:10  Zergling x2  
  49  6:11  Zergling x14  
  57  6:16  Zerg Melee Weapons Level 1  
  57  6:26  Zergling x2  
  57  6:27  Zergling x8, Hatchery  
  61  6:49  Zergling x2  
  61  6:50  Zergling x12  
  68  7:02  Hatchery  
  67  7:21  Overlord x3  
  67  7:23  Zergling x12  
  73  7:32  Baneling  
  73  7:33  Baneling x7  
  73  7:37  Zergling x8  
  73  7:41  Spore Crawler  
  73  7:43  Spore Crawler  
  75  7:46  Zergling x10  
  63  8:15  Zergling x26  
  63  8:18  Baneling x5  
  76  8:21  Zergling x4  
  78  8:43  Overlord x3  
  78  8:52  Baneling x4  
  78  8:55  Zergling x2  
  78  8:56  Zergling x18  
  78  9:56  Drone  
  78  9:57  Drone x14  
  93  10:01  Drone x2  
  90  10:31  Extractor  
  90  10:32  Extractor, Zerg Missile Weapons Level 1  
  90  10:34  Zerg Melee Weapons Level 2  
  65  11:03  Spore Crawler  
  60  11:04  Spine Crawler  
  60  11:06  Spine Crawler  
  60  11:07  Overlord x2  
  60  11:09  Overseer  
  49  11:25  Spine Crawler  
  48  11:29  Pneumatized Carapace  
  48  11:33  Drone x2  
  48  11:34  Drone x4  
  48  11:35  Drone x4  
  48  11:36  Drone x2  
  48  11:37  Drone  
  61  11:45  Drone  
  61  11:46  Drone x3  
  65  11:56  Hydralisk Den  
  65  11:57  Extractor  
  65  12:00  Extractor  
  62  12:04  Zergling x4  
  62  12:05  Zergling x38  
  74  12:41  Hydralisk x8  
  61  12:56  Overseer  
  57  12:59  Hydralisk x4  
  65  13:20  Overlord  
Tags
 
Add a new tag
Caveats
  • Supply blocks, unpowered buildings, or Contaminate may cause inaccurate times.
  • Supply counts are checked every 10 seconds.